 Dungeon Crawl Stone Soup version 0.17.1-3-g152610e (webtiles) character file.

414496 Peloso the Minotaur Blade (level 22, -3/213 HPs)
             Began as a Minotaur Fighter on Mar 3, 2016.
             Was a High Priest of Okawaru.
             Slain by a vault warden
             ... wielding a +4 war axe of draining
              (37 damage)
             ... on level 3 of the Vaults on Mar 4, 2016.
             The game lasted 03:50:02 (55854 turns).

Peloso the Minotaur Blade (Minotaur Fighter)       Turns: 55854, Time: 03:50:02

Health: -3/213     AC: 44    Str: 29    XL:     22   Next: 21%
Magic:  28/28      EV: 16    Int: 12    God:    Okawaru [*****.]
Gold:   3581       SH: 17    Dex: 14    Spells: 0 memorised, 21 levels left

rFire  . . .     SeeInvis +     X - +9 double sword (elec)
rCold  + + .     Clarity  +     o - +14 chain mail of Mojoggic {*Confuse rC++ rN+ Regen+}
rNeg   + + .     SustAt   .     v - +0 shield {reflect}
rPois  +         Gourm    .     E - +1 hat
rElec  .         Spirit   .     M - +2 cloak {rPois}
rCorr  .         Warding  .     n - +0 pair of gloves of Greed {*Drain MR+ MP+9 Int+6}
rMut   .         Stasis   .     R - +2 pair of boots {run}
MR     +++++                    H - amulet of the Four Winds {Clar rN+ MR+++}
Stlth  ..........               c - +4 ring of slaying
                                Z - ring of the Octopus King {AC+1 EV+1 Str+1 Int+1 Dex+1 SInv}

@: very slightly contaminated, hasted, very quick, almost entirely resistant to
hostile enchantments, extremely unstealthy
A: retaliatory headbutt, hooves 1, horns 2, iridescent scales 1, low mp 1
a: Heroism, Finesse, Renounce Religion
}: 3/15 runes: serpentine, barnacled, slimy


You were on level 3 of the Vaults.
You worshipped Okawaru.
Okawaru was extremely pleased with you.
You were not hungry.

You visited 9 branches of the dungeon, and saw 48 of its levels.
You visited the Abyss 2 times.
You visited 1 bazaar.
You also visited: Labyrinth, Ice Cave and Volcano.

You collected 5975 gold pieces.
You spent 2394 gold pieces at shops.

Inventory:

Hand Weapons
 d - the +8 demon blade "Bloodbane" {slice, *Rage +Rage Stlth-}
   (Okawaru gifted it to you on level 4 of the Pits of Slime)

   It inflicts extra damage upon your enemies.
   It lets you go berserk.
   It may make you go berserk in combat.
   It makes you less stealthy.
 z - a +1 scimitar of flaming
 X - a +9 double sword of electrocution (weapon)
Armour
 n - the +0 pair of gloves of Greed (worn) {*Drain MR+ MP+9 Int+6}
   (Okawaru gifted it to you on level 1 of the Snake Pit)

   It affects your intelligence (+6).
   It affects your resistance to hostile enchantments.
   It affects your magic capacity (+9).
   It causes draining when unequipped.
 o - the +14 chain mail of Mojoggic (worn) {*Confuse rC++ rN+ Regen+}
   (You found it on level 14 of the Dungeon)

   It greatly protects you from cold.
   It protects you from negative energy.
   It increases your rate of regeneration.
   It may confuse you when you take damage.
 v - a +0 shield of reflection (worn)
 E - a +1 hat (worn)
 M - a +2 cloak of poison resistance (worn)
 R - a +2 pair of boots of running (worn)
Jewellery
 c - a +4 ring of slaying (right hand)
 u - an uncursed ring of protection from fire
 x - an uncursed amulet of guardian spirit
 D - an uncursed amulet of resist mutation
 F - an uncursed amulet of faith
 H - the amulet of the Four Winds (around neck) {Clar rN+ MR+++}
   (You bought it in a shop on level 2 of the Vaults)

   [amulet of clarity]

   It provides mental clarity.
   It protects you from negative energy.
   It affects your resistance to hostile enchantments.
 Z - a ring of the Octopus King (left hand) {AC+1 EV+1 Str+1 Int+1 Dex+1 SInv}
   (You found it on level 7 of the Lair of Beasts)

   [ring of see invisible]

   It affects your AC (+1).
   It affects your evasion (+1).
   It affects your strength (+1).
   It affects your intelligence (+1).
   It affects your dexterity (+1).
   It lets you see invisible.
Wands
 h - a wand of digging (8)
 j - a wand of teleportation (2)
 p - a wand of magic darts (29)
 s - a wand of hasting (2)
 w - a wand of lightning (5)
 S - a wand of digging (5)
Scrolls
 a - 7 scrolls of identify
 i - 12 scrolls of teleportation
 q - 22 scrolls of remove curse
 r - 5 scrolls of blinking
 y - 6 scrolls of magic mapping
 K - 10 scrolls of recharging
 O - 8 scrolls of enchant weapon
 T - 2 scrolls of summoning
 U - a scroll of fear
 V - a scroll of silence
Potions
 b - a potion of flight
 f - 15 potions of curing
 k - 6 potions of heal wounds
 m - 6 potions of resistance
 t - 2 potions of cancellation
 A - 3 potions of berserk rage
 B - 2 potions of agility
 C - 3 potions of haste
 N - a potion of might
Comestibles
 e - 24 bread rations
 l - 8 meat rations
 G - 11 slices of pizza
 I - 11 fruits
 P - 2 beef jerkies


   Skills:
 + Level 21.2 Fighting
   Level 1.5(16.5) Short Blades
 + Level 25.7 Long Blades
 + Level 18.5 Armour
 + Level 11.0 Dodging
 + Level 2.5 Stealth
 + Level 22.0 Shields
 + Level 1.7 Invocations
 + Level 1.6 Evocations


You had 21 spell levels left.
You didn't know any spells.

Dungeon Overview and Level Annotations

Branches:
Dungeon (15/15)            Temple (1/1) D:7            Lair (8/8) D:9
 Shoals (4/4) Lair:3        Snake (4/4) Lair:4        Slime (6/6) Lair:7
    Orc (4/4) D:9             Elf (3/3) Orc:4        Vaults (3/5) D:14
 Depths (0/5) D:15
  Crypt: Vaults:2-3

Altars:
Ashenzari
Cheibriados
Dithmenos
Elyvilon
Fedhas
Gozag
Kikubaaqudgha
Makhleb
Nemelex Xobeh
Okawaru
Qazlal
Ru
Sif Muna
Trog
Vehumet
Xom
Yredelemnul
Zin
The Shining One
Beogh
Jiyva

Shops:
Orc:2 [   Orc:4 *}(!   Elf:1 =   Snake:4 *   Vaults:2 [=


Innate Abilities, Weirdness & Mutations

You reflexively headbutt those who attack you in melee.
You have a pair of horns on your head.
You have large cloven feet.
You are partially covered in iridescent scales (AC +4).
Your magical capacity is low (-10% MP).


Message History

The vault guard is moderately wounded.
The vault warden activates a sealing rune.
The vault warden barely misses you.
Unknown command.
The vault guard blocks your attack.
You headbutt the vault guard!
The vault guard is heavily wounded.
The vampire mosquito completely misses you.
You furiously retaliate!
You headbutt the vampire mosquito.
You block the vampire mosquito's attack.
You block the orc warrior's attack.
The orc warrior hits you from afar with a glaive!!
* * * LOW HITPOINT WARNING * * *
Unknown command.
You closely miss the vault guard.
The vault guard is heavily wounded.
You block the vampire mosquito's attack.
The vampire mosquito barely misses you.
The vault warden activates a sealing rune.
The vault warden hits you with a war axe of draining!!!
You die...

....# #####'''####
....# #.......# #+###
#.......#
##########.).....#
#........+.......# #.
#...(....#.......#
#..#.()oo...#.......#
#..+..(ooy..+....<..+
#..#..pp@...#.......#
y..
#...ppy..#.......# ..
#..o.....#########
#........# ###+######
... ... #...


You could see 2 vault wardens, a vault guard, an orc knight, an ironbrand
convoker, 2 orc warriors, 2 vampire mosquitoes and 2 orcs.

Vanquished Creatures
  the royal jelly (Slime:6)
  An ancient lich (Abyss:1)
  Frederick (Vaults:2)
  A bone dragon (Abyss:2)
  Rupert (D:15)
  2 deep elf blademasters
  4 tentacled starspawn
  3 krakens (Shoals:3)
  Polyphemus (Shoals:4)
  21 acid blobs
  Frances (D:13)
  Kirke (Lair:5)
  10 greater nagas
  Roxanne (Shoals:4)
  13 azure jellies
  Ilsuiw (Shoals:4)
  Donald (Elf:3)
  A frost giant (Vaults:2)
  A vault warden (Vaults:3)
  A fire giant (Vaults:1)
  7 deep elf sorcerers
  Louise (D:15)
  6 ironheart preservers
  3 stone giants
  Nessos (Volcano)
  4 deep elf demonologists (Elf:3)
  A salamander stormcaller (Vaults:2)
  8 deep elf annihilators (Elf:3)
  5 dire elephants (Lair:8)
  An ettin (D:15)
  3 yaktaur captains
  3 fire dragons
  8 merfolk javelineers
  9 deep elf death magi
  A minotaur (Lab)
  13 vault guards
  2 death oozes
  6 deep elf high priests (Elf:3)
  14 merfolk impalers
  6 great orbs of eyes
  15 naga warriors
  A quicksilver dragon skeleton (Abyss:2)
  3 ice dragons
  9 hydras
  2 rakshasas (Vaults:1)
  4 centaur warriors
  Erolcha (D:14)
  2 alligator snapping turtles
  A catoblepas (Shoals:4)
  3 death yaks (Shoals:4)
  6 merfolk aquamancers (Shoals:4)
  4 ogre magi
  2 merfolk avatars (Shoals:2)
  14 dancing weapons (Elf:2)
  9 anacondas
  4 satyrs
  2 tengu warriors
  A hell hog (Abyss:2)
  The ghost of MixedWithMadness the Covered, a novice DsFi of Makhleb (D:10)
  7 shock serpents
  16 naga sharpshooters
  A deep troll earth mage (Vaults:1)
  2 thrashing horrors (Abyss:2)
  Sonja (D:12)
  A shadow wraith (Vaults:2)
  A wretched star (Abyss:1)
  2 fire crabs
  A salamander mystic (Snake:4)
  A shadow demon (Abyss:1)
  7 sea snakes
  A flayed ghost (Abyss:1)
  15 deep elf knights
  4 giant orange brains
  12 naga ritualists
  A giant orange brain (shapeshifter) (Vaults:1)
  13 harpies
  A phantasmal warrior (Vaults:2)
  6 unseen horrors
  4 deep elf summoners
  4 deep trolls (Vaults:1)
  2 necromancers
  2 fauns (Shoals:2)
  16 orc knights
  4 hill giants
  An oklob plant (Snake:3)
  14 mana vipers
  9 griffons
  11 shining eyes
  A shining eye (shapeshifter) (Elf:1)
  16 deep elf conjurers
  A wolf spider (Vaults:2)
  2 ironbrand convokers
  13 ugly things
  17 manticores
  An orc sorcerer (D:15)
  9 water nymphs
  2 sixfirhies (Abyss:2)
  10 cyclopes
  9 salamanders
  A guardian serpent (Snake:2)
  Maurice (D:9)
  The ghost of Name63 the Conjurer, a novice GrWz (D:6)
  A smoke demon (Abyss:2)
  6 vault sentinels
  A spiny frog (shapeshifter) (Vaults:1)
  5 eyes of devastation
  31 naga magi
  22 elephants
  2 ice statues (IceCv)
  2 apocalypse crabs
  10 sirens
  Psyche (D:9)
  8 spiny frogs
  2 orange demons (Abyss:2)
  55 black mambas
  A storm dragon simulacrum (Abyss:2)
  2 gargoyles
  4 fire drakes
  8 komodo dragons
  A kobold demonologist (D:14)
  11 yaktaurs
  An ancient zyme (Abyss:2)
  8 deep elf priests
  2 freezing wraiths (Vaults:1)
  7 large abominations
  3 wind drakes (Shoals:4)
  A polar bear (Lair:4)
  6 trolls
  A raiju (Abyss:1)
  13 merfolk
  4 two-headed ogres
  150 slime creatures
  5 blink frogs (Lair:3)
  A boulder beetle (Vaults:3)
  8 small abominations
  A stone giant simulacrum (Vaults:2)
  8 snapping turtles
  A tarantella (shapeshifter) (Vaults:1)
  An orc simulacrum (Vaults:2)
  A human (D:7)
  2 shadows (Lab)
  A trapdoor spider (D:13)
  3 ynoxinuls
  5 wyverns
  76 yaks
  29 deep elf magi
  3 hogs (Lair:5)
  8 water elementals
  25 deep elf fighters
  A wraith (D:10)
  A human simulacrum (Vaults:2)
  15 vampire mosquitoes
  5 hungry ghosts
  2 steam dragons
  2 neqoxecs
  2 basilisks
  10 golden eyes
  Menkaure (D:7)
  18 hippogriffs
  46 nagas
  5 wargs
  46 orc warriors
  17 water moccasins
  11 wolves
  A mottled dragon (D:12)
  26 ice beasts
  5 porcupines
  2 wasps
  6 sky beasts
  2 black bears
  12 eyes of draining
  28 ogres
  9 boggarts
  12 crocodiles
  A phantom (D:8)
  12 centaurs
  4 big kobolds
  20 giant frogs
  A wyvern skeleton (D:13)
  3 scorpions
  An elf simulacrum (Vaults:2)
  19 killer bees
  2 vampire bats (Orc:1)
  15 wights
  6 electric eels
  9 crimson imps
  46 jellies
  25 orc priests
  2 basilisk zombies (Lair:5)
  A giant frog zombie (D:12)
  11 starcursed masses
  5 centaur skeletons
  2 quasits
  12 hounds
  24 orc wizards
  9 iguanas
  Natasha (thrice) (D:3)
  7 worker ants
  A killer bee zombie (D:6)
  32 sheep
  A crocodile zombie (Lair:5)
  4 hound skeletons
  2 worker ant zombies
  3 gnolls (D:10)
  14 adders
  5 shadow imps
  2 white imps
  51 river rats
  An ufetubus (Vaults:2)
  An adder skeleton (D:4)
  3 worms (D:3)
  12 giant geckos
  203 orcs
  7 goblins
  7 hobgoblins
  11 jackals
  4 quokkas
  3 ball pythons
  15 bats
  6 giant cockroaches
  A giant gecko skeleton (D:6)
  A giant gecko zombie (D:5)
  5 giant newts
  30 kobolds
  9 rats
  9 plants
  3 tentacles (Shoals:3)
  A tentacle segment (Shoals:3)
2016 creatures vanquished.

Vanquished Creatures (others)
  A stone giant (Vaults:3)
  A merfolk aquamancer (Shoals:4)
  A hornet (Vaults:1)
  A deep elf conjurer (Elf:2)
  A yaktaur (Vaults:2)
  A vampire mosquito (Vaults:3)
  A naga (Snake:2)
  An orc warrior (Vaults:1)
  A small abomination (Abyss:2)
  An orc (Vaults:3)
  2 kobolds (D:12)
  15 fungi
  14 plants
  12 starspawn tentacles
  130 starspawn tentacle segments
  23 tentacles
  1687 tentacle segments
1893 creatures vanquished.

Grand Total: 3909 creatures vanquished

Notes
Turn   | Place    | Note
--------------------------------------------------------------
     0 | D:1      | Peloso the Minotaur Fighter began the quest for the Orb.
     0 | D:1      | Reached XP level 1. HP: 19/19 MP: 0/0
   150 | D:1      | Reached XP level 2. HP: 21/27 MP: 1/1
   258 | D:1      | Reached skill level 4 in Shields
   367 | D:1      | Reached XP level 3. HP: 24/33 MP: 2/2
  1344 | D:3      | Reached XP level 4. HP: 33/40 MP: 3/3
  1440 | D:3      | Found a glowing golden altar of the Shining One.
  1576 | D:3      | Found a bloodstained altar of Trog.
  1806 | D:3      | Noticed Natasha
  1812 | D:3      | Killed Natasha
  1847 | D:3      | Reached XP level 5. HP: 46/46 MP: 4/4
  1868 | D:3      | Reached skill level 5 in Armour
  1996 | D:3      | Noticed Natasha
  2001 | D:3      | Killed Natasha
  2043 | D:3      | Noticed Natasha
  2046 | D:3      | Killed Natasha
  2292 | D:4      | Reached skill level 5 in Shields
  2292 | D:4      | Reached XP level 6. HP: 45/53 MP: 5/5
  2341 | D:4      | Reached skill level 5 in Long Blades
  2687 | D:5      | Entered Level 5 of the Dungeon
  2727 | D:5      | Reached skill level 5 in Fighting
  2727 | D:5      | Reached XP level 7. HP: 6/61 MP: 6/6
  3053 | D:5      | Reached skill level 6 in Armour
  3105 | D:5      | Found a shattered altar of Ashenzari.
  3381 | D:5      | Reached skill level 1 in Dodging
  3381 | D:5      | Reached XP level 8. HP: 14/70 MP: 7/7
  3863 | D:5      | Reached skill level 7 in Long Blades
  4480 | D:6      | Found an opulent altar of Gozag.
  4635 | D:6      | Reached skill level 8 in Shields
  4810 | D:6      | Reached XP level 9. HP: 73/78 MP: 8/8
  4888 | D:6      | Noticed Name63's ghost (novice GrWz)
  4965 | D:6      | Killed Name63's ghost
  5139 | D:6      | Found a radiant altar of Vehumet.
  5170 | D:6      | Found a burning altar of Makhleb.
  5170 | D:6      | Found a shimmering altar of Xom.
  5174 | D:6      | Paralysed by a crimson imp for 5 turns
  5366 | D:7      | Found a sparkling altar of Nemelex Xobeh.
  5438 | D:6      | Reached skill level 9 in Shields
  5522 | D:7      | Noticed Menkaure
  5529 | D:7      | Killed Menkaure
  5616 | D:7      | Found a staircase to the Ecumenical Temple.
  5628 | Temple   | Entered the Ecumenical Temple
  6555 | D:7      | Found a sparkling altar of Nemelex Xobeh.
  6661 | D:8      | Found a shadowy altar of Dithmenos.
  6667 | D:8      | Got a pair of brightly glowing gloves
  6673 | D:8      | Identified the +2 pair of gloves of Spring {rPois} (You found it on level 8 of the Dungeon)
  6788 | D:8      | Reached XP level 10. HP: 84/89 MP: 9/9
  6873 | D:8      | Found an ancient bone altar of Kikubaaqudgha.
  6887 | D:8      | Found a snail-covered altar of Cheibriados.
  6897 | D:8      | Found an iron altar of Okawaru.
  6918 | D:8      | Reached skill level 10 in Armour
  6941 | D:8      | Became a worshipper of Warmaster Okawaru
  6950 | D:8      | Found a sacrificial altar of Ru.
  7400 | D:8      | Reached skill level 10 in Shields
  7949 | D:9      | Reached * piety under Okawaru
  8090 | D:8      | Reached skill level 10 in Long Blades
  8120 | D:9      | Reached ** piety under Okawaru
  8452 | D:9      | Found a staircase to the Orcish Mines.
  8561 | D:9      | Found a staircase to the Lair.
  8756 | D:9      | Reached skill level 11 in Shields
  8760 | D:9      | Noticed Maurice
  8799 | D:9      | Killed Maurice
  8799 | D:9      | Reached XP level 11. HP: 97/99 MP: 10/10
  8925 | D:9      | Reached *** piety under Okawaru
  8973 | D:10     | Entered Level 10 of the Dungeon
  9170 | D:10     | Killed an unseen horror
  9170 | D:10     | Reached skill level 10 in Fighting
  9394 | D:10     | Noticed MixedWithMadness's ghost (novice DsFi)
  9431 | D:10     | Killed MixedWithMadness's ghost
  9749 | D:10     | Reached skill level 1 in Stealth
 10066 | D:10     | Noticed a hill giant
 10074 | D:10     | Killed a hill giant
 10074 | D:10     | Reached **** piety under Okawaru
 10164 | Lair:1   | Entered Level 1 of the Lair of Beasts
 10350 | Lair:1   | Noticed a seven-headed hydra
 10481 | D:9      | Noticed Psyche
 10487 | D:9      | Killed Psyche
 11038 | D:9      | HP: 5/101 [seven-headed hydra (9)]
 11166 | D:9      | Reached skill level 12 in Shields
 12257 | Lair:1   | Reached ***** piety under Okawaru
 12354 | Lair:1   | Reached skill level 1 in Short Blades
 12368 | Lair:1   | Killed a seven-headed hydra
 12368 | Lair:1   | Reached XP level 12. HP: 65/108 MP: 8/11
 12904 | Lair:2   | Found a dark tunnel.
 12925 | Volcano  | Entered a volcano
 12944 | Volcano  | Found a bloodstained altar of Trog.
 12948 | Volcano  | Noticed Nessos
 12971 | Volcano  | Killed Nessos
 14001 | Lair:3   | Found a labyrinth entrance.
 14040 | Lab      | Entered a labyrinth
 14458 | Lab      | Noticed a minotaur
 14467 | Lab      | Killed a minotaur
 14469 | Lab      | Got an encrusted hand axe {venom}
 14472 | Lab      | Got a twitching glass ring
 14473 | Lab      | Got a slimy robe
 14496 | Lair:3   | Identified the +7 hand axe "Goblinslayer" {venom, Int+5 Dex+3} (You took it off a minotaur in a labyrinth)
 14509 | Lair:3   | Identified the cursed +1 robe "Ipsorr" {+Blink Dex+4} (You found it in a labyrinth)
 14512 | Lair:3   | Identified the ring "Gaiciyh" {+Fly rElec rPois rN+ Str-5} (You found it in a labyrinth)
 14550 | Lair:3   | Identified a scroll of acquirement
 14859 | Lair:3   | Noticed a seven-headed hydra
 14867 | Lair:3   | Killed a four-headed hydra
 14955 | Lair:3   | Noticed an eight-headed hydra
 14962 | Lair:3   | Killed a four-headed hydra
 14962 | Lair:3   | Received a gift from Okawaru
 15030 | Lair:3   | Got a pitted triple sword {god gift}
 15036 | Lair:3   | Identified the +7 triple sword of Haisso Fete {freeze, *Corrode rC+ Int+4 SInv} (Okawaru gifted it to you on level 3 of the Lair of Beasts)
 15228 | Lair:3   | Reached ****** piety under Okawaru
 15253 | Lair:3   | Reached skill level 13 in Armour
 15411 | Lair:3   | Found a staircase to the Shoals.
 15761 | Lair:4   | Found a staircase to the Snake Pit.
 16000 | Lair:4   | Received a gift from Okawaru
 16000 | Lair:4   | Reached XP level 13. HP: 73/119 MP: 12/12
 17257 | Lair:1   | Noticed a five-headed hydra
 17264 | Lair:1   | Killed a one-headed hydra
 17295 | Orc:1    | Entered Level 1 of the Orcish Mines
 17487 | Orc:2    | Found a frozen archway.
 17501 | Orc:2    | Reached skill level 14 in Long Blades
 17690 | IceCv    | Entered an ice cave
 18969 | Orc:4    | Entered Level 4 of the Orcish Mines
 19137 | Orc:4    | Found a staircase to the Elven Halls.
 19233 | Orc:4    | Received a gift from Okawaru
 19233 | Orc:4    | Reached skill level 1 in Invocations
 19651 | Orc:4    | Found Dox Soet's Distillery.
 19651 | Orc:4    | Found Nane's Weapon Boutique.
 19678 | Orc:4    | Reached skill level 15 in Long Blades
 19736 | Orc:4    | Found a roughly hewn altar of Beogh.
 19765 | Orc:4    | Found Oxoqul's Gadget Emporium.
 19765 | Orc:4    | Found Ziraw's General Store.
 20351 | Orc:4    | Bought a scroll of magic mapping for 38 gold pieces
 20474 | Orc:4    | Reached skill level 5 in Dodging
 20672 | Orc:2    | Found Biphegg's Armour Boutique.
 21719 | Lair:5   | Reached skill level 1 in Evocations
 21720 | Lair:5   | Noticed Kirke
 21724 | Lair:5   | Noticed a sphinx
 21727 | Lair:5   | Killed Kirke
 22115 | Lair:5   | Reached XP level 14. HP: 81/129 MP: 13/13
 23625 | Lair:7   | Found a viscous altar of Jiyva.
 23625 | Lair:7   | Found a staircase to the Slime Pits.
 23634 | Lair:7   | Reached skill level 16 in Long Blades
 23652 | Lair:7   | Reached skill level 15 in Armour
 24013 | Lair:7   | Received a gift from Okawaru
 24016 | Lair:7   | Got a scorched scimitar {god gift}
 24017 | Lair:7   | Identified the +4 scimitar of Xepafuw {venom, rC+} (Okawaru gifted it to you on level 7 of the Lair of Beasts)
 24623 | Lair:7   | Got a ring of the Octopus King
 24718 | Lair:7   | Identified a ring of the Octopus King {AC+1 EV+1 Str+1 Int+1 Dex+1 SInv} (You found it on level 7 of the Lair of Beasts)
 24912 | Lair:8   | Entered Level 8 of the Lair of Beasts
 25707 | Lair:8   | Received a gift from Okawaru
 25707 | Lair:8   | Reached skill level 17 in Long Blades
 26726 | D:11     | Received a gift from Okawaru
 26752 | D:11     | Identified a +1 pair of boots of running (Okawaru gifted it to you on level 11 of the Dungeon)
 26905 | D:11     | Reached XP level 15. HP: 137/139 MP: 15/15
 27477 | D:12     | Noticed Sonja
 27486 | D:12     | Killed Sonja
 28013 | D:12     | Reached skill level 18 in Long Blades
 28144 | D:12     | Reached skill level 15 in Fighting
 28380 | D:13     | Noticed Frances
 28401 | D:13     | Killed Frances
 29254 | D:14     | Noticed Erolcha
 29254 | D:14     | Got an ancient rapier
 29259 | D:14     | Killed Erolcha
 29266 | D:14     | Identified the +8 rapier "Roteg" {pierce, +Blink +Fly Str-5 Dex+6} (You found it on level 14 of the Dungeon)
 29322 | D:14     | Found a gate to the Vaults.
 29336 | D:14     | Received a gift from Okawaru
 29391 | D:14     | Got a faintly glowing large shield {god gift}
 29397 | D:14     | Identified the +0 large shield "Uhemelor" {Int+6} (Okawaru gifted it to you on level 14 of the Dungeon)
 29425 | D:14     | Reached skill level 19 in Long Blades
 30027 | D:14     | Got a shimmering chain mail
 30038 | D:14     | Identified the +14 chain mail of Mojoggic {*Confuse rC++ rN+ Regen+} (You found it on level 14 of the Dungeon)
 30159 | D:15     | Entered Level 15 of the Dungeon
 30177 | D:15     | Found a staircase to the Depths.
 30217 | D:15     | Noticed Louise
 30243 | D:15     | Cast into the Abyss (Louise)
 30450 | Abyss:1  | Noticed a tentacled starspawn
 30487 | Abyss:1  | Noticed a tentacled monstrosity
 30570 | Abyss:2  | Received a gift from Okawaru
 30573 | Abyss:2  | Got a pair of ancient gloves {god gift}
 30674 | Abyss:2  | Reached XP level 16. HP: 125/151 MP: 14/16
 30683 | Abyss:2  | Noticed a tentacled starspawn
 30691 | Abyss:2  | Killed a tentacled starspawn
 30780 | Abyss:2  | Noticed a tentacled starspawn
 30785 | Abyss:2  | Killed a tentacled starspawn
 30793 | Abyss:2  | Noticed a bone dragon
 30818 | Abyss:2  | Found a corrupted altar of Lugonu.
 30826 | Abyss:2  | Killed a bone dragon
 30867 | Abyss:2  | Noticed a tentacled starspawn
 30874 | Abyss:2  | Killed a tentacled starspawn
 31049 | D:15     | Escaped the Abyss
 31053 | D:15     | Noticed Rupert
 31065 | D:15     | Killed Louise
 31076 | D:15     | Killed Rupert
 31128 | D:15     | Identified the +3 pair of gloves "Karyen" {Int+2} (Okawaru gifted it to you on level 2 of the Abyss)
 31828 | Snake:1  | Entered Level 1 of the Snake Pit
 32128 | Lair:4   | Reached skill level 20 in Long Blades
 32566 | Snake:1  | Received a gift from Okawaru
 32574 | Snake:1  | Got a pair of faintly humming gloves {god gift}
 32585 | Snake:1  | Identified the +0 pair of gloves of Greed {*Drain MR+ MP+9 Int+6} (Okawaru gifted it to you on level 1 of the Snake Pit)
 33262 | Snake:2  | Reached skill level 15 in Shields
 33573 | Snake:2  | Reached XP level 17. HP: 143/161 MP: 17/17
 34590 | Snake:3  | Received a gift from Okawaru
 34643 | Snake:3  | Found an opulent altar of Gozag.
 34972 | Snake:4  | Entered Level 4 of the Snake Pit
 34990 | Snake:4  | Reached skill level 21 in Long Blades
 35387 | Snake:4  | Received a gift from Okawaru
 35388 | Snake:4  | Got a crude plate armour {god gift}
 35525 | Snake:4  | Found Diusimon's Assorted Antiques.
 35534 | Snake:4  | Bought a scroll of magic mapping for 136 gold pieces
 35733 | Snake:4  | Identified the +1 plate armour "Hengif Nag" {rF- Int+4 Dex+8} (Okawaru gifted it to you on level 4 of the Snake Pit)
 36005 | Snake:4  | Reached XP level 18. HP: 166/171 MP: 18/18
 36190 | Snake:4  | Got a serpentine rune of Zot
 36790 | Shoals:1 | Entered Level 1 of the Shoals
 37620 | Shoals:2 | Received a gift from Okawaru
 37873 | Shoals:2 | Reached skill level 22 in Long Blades
 38911 | Shoals:3 | Received a gift from Okawaru
 39245 | Shoals:4 | Entered Level 4 of the Shoals
 39252 | Shoals:4 | Received a gift from Okawaru
 39448 | Shoals:4 | Noticed Roxanne
 39493 | Shoals:4 | Killed Roxanne
 39926 | Shoals:4 | Noticed Polyphemus
 39949 | Shoals:4 | Received a gift from Okawaru
 39966 | Shoals:4 | Killed Polyphemus
 39990 | Shoals:4 | Reached XP level 19. HP: 66/180 MP: 19/19
 40372 | Shoals:4 | Noticed Ilsuiw
 40404 | Shoals:4 | Killed Ilsuiw
 40638 | Shoals:4 | Got a barnacled rune of Zot
 40829 | Shoals:4 | Received a gift from Okawaru
 42133 | Elf:1    | Entered Level 1 of the Elven Halls
 42278 | Elf:1    | Found Gys Hali's Jewellery Shoppe.
 42286 | Elf:1    | Bought an uncursed amulet of resist mutation for 520 gold pieces
 42286 | Elf:1    | Bought an uncursed amulet of faith for 520 gold pieces
 42471 | Elf:1    | Cast into the Abyss (a deep elf sorcerer)
 42472 | Abyss:1  | Noticed an ancient lich
 42488 | Abyss:1  | Killed an ancient lich
 42488 | Abyss:1  | Received a gift from Okawaru
 42509 | Abyss:1  | Got a shimmering scimitar {god gift}
 42510 | Abyss:1  | Identified the +6 scimitar "Laphex" {freeze, MR+} (Okawaru gifted it to you on level 1 of the Abyss)
 42516 | Abyss:1  | Found a corrupted altar of Lugonu.
 42521 | Abyss:1  | Noticed a tentacled starspawn
 42534 | Abyss:1  | Killed a tentacled starspawn
 42555 | Elf:1    | Escaped the Abyss
 43489 | Elf:2    | Found a runed gate.
 43489 | Elf:2    | Found a runed gate.
 43489 | Elf:2    | Found a runed gate.
 43597 | Elf:2    | Received a gift from Okawaru
 43813 | Elf:2    | Reached skill level 23 in Long Blades
 43999 | Elf:3    | Entered Level 3 of the Elven Halls
 44004 | Elf:3    | Noticed Donald
 44014 | Elf:3    | Killed Donald
 44053 | Elf:3    | Found a flickering gateway to a bazaar.
 44060 | Bazaar   | Entered a bazaar
 44066 | Bazaar   | Found Laq Fowah's Jewellery Emporium.
 44073 | Bazaar   | Found Fuapuem's Book Shop.
 44078 | Bazaar   | Found Sufol's General Store.
 44084 | Bazaar   | Found Getoijy's Food Shoppe.
 44086 | Bazaar   | Bought a potion of heal wounds for 45 gold pieces
 44092 | Bazaar   | Found Raetey's Antique Weapon Shoppe.
 44104 | Bazaar   | Bought a polished short sword for 160 gold pieces
 44211 | Elf:3    | Identified the +5 short sword of Zin's Displeasure {venom, rPois} (You bought it in a shop in a bazaar)
 44502 | Elf:3    | Reached XP level 20. HP: 101/191 MP: 20/20
 44672 | Elf:3    | Got a heavily runed silver ring
 44723 | Elf:3    | Received a gift from Okawaru
 44889 | Elf:3    | Received a gift from Okawaru
 44929 | Elf:3    | Identified the ring "Odarr" {rElec rPois rN+ MR- MP+9 Stlth+} (You took it off a deep elf sorcerer on level 3 of the Elven Halls)
 45158 | Elf:3    | Got a faintly glowing plate armour
 45245 | Elf:3    | Identified the +3 plate armour of Gokkieg {*Drain rCorr Dex+6 Stlth+} (You found it on level 3 of the Elven Halls)
 45555 | Elf:3    | Got a slimy fire dragon armour
 45566 | Elf:3    | Identified the +1 fire dragon armour of Lesser Demons {rF++ rC- MR+ Str+3} (You found it on level 3 of the Elven Halls)
 46437 | Slime:1  | Entered Level 1 of the Pits of Slime
 46467 | Slime:1  | Reached skill level 10 in Dodging
 46486 | Slime:1  | Received a gift from Okawaru
 46489 | Slime:1  | Got a fine rapier {god gift}
 46490 | Slime:1  | Identified the +1 rapier of Contention {holy, rF+ MR+} (Okawaru gifted it to you on level 1 of the Pits of Slime)
 47206 | Slime:1  | Gained mutation: You are partially covered in iridescent scales (AC +4). [a shining eye]
 48062 | Slime:3  | Reached skill level 24 in Long Blades
 48684 | Slime:4  | Received a gift from Okawaru
 49389 | Slime:5  | Reached XP level 21. HP: 201/201 MP: 21/21
 49715 | Slime:6  | Entered Level 6 of the Pits of Slime
 50494 | Slime:6  | Gained mutation: Your magical capacity is low (-10% MP). [a shining eye]
 50558 | Slime:6  | Found a viscous altar of Jiyva.
 50568 | Slime:6  | Noticed the royal jelly
 50581 | Slime:6  | Killed the royal jelly
 50581 | Slime:6  | Received a gift from Okawaru
 51582 | Slime:6  | Identified the Tome of Hexes
 51626 | Slime:6  | Got a crystal rapier
 51630 | Slime:6  | Got a sparkling bronze ring
 51635 | Slime:6  | Identified the ring "Zaluqyos" {Fire Dex+5} (You found it on level 6 of the Pits of Slime)
 51714 | Slime:6  | Got a slimy rune of Zot
 51731 | Slime:6  | Got a dazzling chain mail
 51739 | Slime:6  | Got a scorched scale mail
 51844 | Lair:7   | Identified the +8 rapier of Balance {flame, rF+ MP+9 Str+4 Int-4} (You found it on level 6 of the Pits of Slime)
 52189 | Temple   | Identified the cursed +1 chain mail of the Enchanted Forest {rF+ rC- SInv} (You found it on level 6 of the Pits of Slime)
 52217 | Temple   | Identified the cursed +0 scale mail "Niggaopu" {Dex+2} (You found it on level 6 of the Pits of Slime)
 53320 | Vaults:1 | Entered Level 1 of the Vaults
 53502 | Vaults:1 | Reached skill level 25 in Long Blades
 54288 | Vaults:1 | Gained mutation: You have large cloven feet. [potion of beneficial mutation]
 54324 | Vaults:1 | Received a gift from Okawaru
 54577 | Vaults:2 | Noticed Frederick
 54592 | Vaults:2 | Killed Frederick
 54898 | Vaults:2 | Received a gift from Okawaru
 55010 | Vaults:2 | Found Omneurr's Armour Emporium.
 55254 | Vaults:2 | Reached XP level 22. HP: 213/213 MP: 19/19
 55626 | Vaults:2 | Found Zyrum's Jewellery Emporium.
 55634 | Vaults:2 | Bought the amulet of the Four Winds {Clar rN+ MR+++} for 975 gold pieces
 55854 | Vaults:3 | Slain by a vault warden

Action                   |  1- 3 |  4- 6 |  7- 9 | 10-12 | 13-15 | 16-18 | 19-21 | 22-24 || total
-------------------------+-------+-------+-------+-------+-------+-------+-------+-------++-------
Melee: Long sword        |   114 |   138 |   485 |   134 |       |       |       |       ||   871
       Scimitar          |       |       |       |   461 |    27 |       |       |       ||   488
       Short sword       |       |       |       |    37 |       |       |       |       ||    37
       Double sword      |       |       |       |    89 |  1272 |  1372 |  1498 |   156 ||  4387
       Triple sword      |       |       |       |     7 |       |       |       |       ||     7
       Demon blade       |       |       |       |       |       |       |   113 |       ||   113
Invok: Heroism           |       |       |       |     3 |     1 |     5 |     2 |       ||    11
       Finesse           |       |       |       |       |       |     1 |       |       ||     1
Evoke: Wand              |       |       |       |     3 |    19 |       |     4 |       ||    26
  Use: Scroll            |       |       |       |    32 |    11 |     3 |    14 |       ||    60
       Potion            |       |       |       |     2 |     3 |     3 |     6 |     3 ||    17
  Eat: Chunk             |     2 |     4 |    14 |    44 |    40 |    13 |    27 |     2 ||   146
       Pizza             |       |       |     2 |       |     1 |       |       |       ||     3
       Royal jelly       |       |       |     2 |       |       |     2 |     1 |       ||     5
       Bread ration      |       |       |     2 |       |       |       |       |       ||     2
       Meat ration       |       |       |     1 |       |       |       |       |       ||     1
       Beef jerky        |       |       |       |       |       |     9 |     2 |       ||    11
       Fruit             |       |       |       |       |       |       |    20 |       ||    20
